 Dungeon Crawl Stone Soup version 0.30-a0-618-gd6c86c23d0 (webtiles) character file.

Game seed: 11615276857263935381

699 Zonian the Sneak (level 7, 0/37 HPs)
             Began as a Vine Stalker Brigand on Jan 10, 2023.
             Slain by an ogre
             ... wielding a +0 giant spiked club
              (25 damage)
             ... on level 5 of the Dungeon.
             The game lasted 00:07:06 (3654 turns).

Zonian the Sneak (Vine Stalker Brigand)             Turns: 3654, Time: 00:07:06

Health: 0/37       AC:  4    Str: 14    XL:     7   Next: 65%
Magic:  0/8        EV: 13    Int: 11    God:
Gold:   224        SH:  0    Dex: 17    Spells: 6/6 levels left

rFire   . . .      SeeInvis .    f - +7 dagger (holy)
rCold   . . .      Faith    .    (no shield)
rNeg    . . .      Spirit   +    b - +0 robe
rPois   .          Reflect  .    j - +0 helmet
rElec   .          Harm     .    c - +0 cloak
rCorr   .          Rampage  .    (no gloves)
Will    .....                    (no boots)
Stlth   ++++                     (no amulet)
HPRegen 1.06/turn                (no ring)
MPRegen 0.11/turn                (no ring)

@: no status effects
A: fangs 2, regeneration 1, magic shield, antimagic bite, no potion heal 2
a: no special abilities


You were on level 5 of the Dungeon.
You visited 1 branch of the dungeon, and saw 5 of its levels.

You collected 224 gold pieces.

Inventory:

Hand Weapons
 a - a +2 dagger
 f - a +7 dagger of holy wrath (weapon)
 n - a +0 sling
 p - a +3 long sword
 q - a +0 whip of draining
Missiles
 d - 19 poisoned darts (quivered)
 e - 2 curare-tipped darts
Armour
 b - a +0 robe (worn)
 c - a +0 cloak (worn)
 i - a +0 cloak
 j - a +0 helmet (worn)
Jewellery
 l - a +5 ring of evasion
 y - an amulet of faith
Wands
 s - a wand of light (2)
 x - a wand of mindburst (17)
Scrolls
 z - a scroll of fear
Potions
 g - a potion of flight
 h - 2 potions of mutation
 k - a potion of resistance {unknown}
 m - 2 potions of attraction {unknown}
 o - a potion of lignification {unknown}
 r - 2 potions of degeneration {unknown}
 t - 2 potions of berserk rage {unknown}
 u - a potion of invisibility {unknown}
 v - 2 potions of haste {unknown}
 w - a potion of curing


   Skills:
 + Level 3.7 Fighting
 + Level 3.8 Short Blades
 - Level 3.4 Throwing
 + Level 3.0 Dodging
 + Level 6.9 Stealth


You had 6 spell levels left.
You didn't know any spells.
Your spell library contained the following spells:

 Spells                   Type           Power      Damage    Failure   Level
 Frozen Ramparts          Ice            0%         1d1       71%         3
 Ice Form                 Ice/Tmut       0%         N/A       98%         4
 Summon Ice Beast         Ice/Summ       0%         N/A       98%         4


Dungeon Overview and Level Annotations

Branches:
Dungeon (5/15)
 Temple: D:4-7

Altars:
Makhleb
Trog
Zin

Shops:
D:2 :

Annotations:
D:4 3 runed translucent doors, DeadOnArrival's ghost, amateur HOHs


Innate Abilities, Weirdness & Mutations

You have extremely sharp teeth.
Your natural rate of healing is unusually fast.
When hurt, damage is shared between your health and your magic reserves.
Your bite disrupts and absorbs the magic of your enemies.
Potions cannot restore your health.


Message History

Unknown command.
You start resting.
HP restored.
You start waiting.
A white imp opens the door.
Unknown command.
The white imp shouts!
The white imp misses you.
There is an open door here.
You puncture the white imp!
The white imp convulses!
You kill the white imp!
Items here: ( )) ††.
z - a scroll of fear An adder comes into view.
Found a short sword.
The adder hisses angrily.
An ogre comes into view. It is wielding a +0 giant spiked club.
The adder bites you.
You closely miss the adder. Your bite misses the adder.
The adder bites you but does no damage.
You miss the adder. You bite the adder! You drain its power.
You feel invigorated.
The adder is severely wounded.
The adder barely misses you.
You hit the adder.
You kill the adder!
Your Dodging skill increases to level 3!
You hit the ogre.
The ogre is lightly wounded.
The ogre hits you with a +0 giant spiked club!!
You hit the ogre.
The ogre is moderately wounded.
The ogre barely misses you.
You hit the ogre. You bite the ogre. You drain its power.
You feel invigorated.
The ogre is moderately wounded.
You puncture the ogre!
The ogre is severely wounded.
The ogre hits you with a +0 giant spiked club!!
Ouch! That really hurt!
You die...

#######..
##.......#
#.......#
##...)...#
##........#
.........#
#..O....#
#†@.....#
#.###.### ##.##
#.....# ##...##
#)....#.###.....##
#5....#......⌠...+
.....######...###
#...# #...# #...#
#.<.#


You could see an ogre.

Vanquished Creatures
  Eustachio (D:4)
  A phantom (D:5)
  A scorpion (D:5)
  A howler monkey (D:5)
  A hound (D:5)
  An orc priest (D:5)
  A jelly (D:4)
  Jessica (D:2)
  2 orc wizards
  Ijyb (D:3)
  Natasha (thrice) (D:2)
  3 adders
  A white imp (D:5)
  A worm (D:2)
  2 dart slugs
  11 orcs
  2 endoplasms
  5 giant cockroaches
  6 goblins
  6 hobgoblins
  6 jackals (D:3)
  8 kobolds
  4 quokkas
  7 ball pythons
  6 bats
  7 frilled lizards
  5 rats
94 creatures vanquished.

Notes
Turn   | Place    | Note
-------+----------+-------------------------------------------
     0 | D:1      | Zonian the Vine Stalker Brigand began the quest for the
                  | Orb.
     0 | D:1      | Reached XP level 1. HP: 11/11 MP: 2/2
   136 | D:1      | Reached skill level 1 in Dodging
   136 | D:1      | Reached XP level 2. HP: 12/15 MP: 1/3
   139 | D:1      | Reached skill level 5 in Stealth
   344 | D:1      | Reached XP level 3. HP: 18/18 MP: 4/4
   364 | D:1      | Found a faded altar of an unknown god.
   765 | D:2      | Noticed Jessica
   768 | D:2      | Killed Jessica
   769 | D:2      | Gained mutation: Your natural rate of healing is unusually
                  | fast. [Vine Stalker growth]
   769 | D:2      | Reached XP level 4. HP: 23/23 MP: 5/5
   791 | D:2      | Found Ilufriam's Book Shop.
   830 | D:2      | Noticed Natasha
   838 | D:2      | Killed Natasha
   997 | D:2      | Noticed Natasha
  1011 | D:2      | Killed Natasha
  1017 | D:2      | Reached XP level 5. HP: 27/27 MP: 6/6
  1464 | D:2      | Noticed Natasha
  1475 | D:2      | Killed Natasha
  1803 | D:3      | Noticed Ijyb
  1849 | D:3      | Killed Ijyb
  2203 | D:3      | Reached XP level 6. HP: 31/32 MP: 4/7
  2331 | D:3      | Found a glowing silver altar of Zin.
  2487 | D:3      | Reached skill level 6 in Stealth
  2652 | D:4      | Noticed Eustachio
  2665 | D:4      | Killed Eustachio
  3025 | D:4      | Noticed DeadOnArrival's ghost (amateur HOHs)
  3089 | D:4      | Found a runed translucent gate.
  3089 | D:4      | Found a runed translucent gate.
  3089 | D:4      | Found a runed translucent gate.
  3208 | D:4      | Reached XP level 7. HP: 34/36 MP: 6/8
  3356 | D:5      | Entered Level 5 of the Dungeon
  3375 | D:5      | Found a bloodstained altar of Trog.
  3375 | D:5      | Found a burning altar of Makhleb.
  3654 | D:5      | Slain by an ogre

Illustrated notes

Levels and vault maps discovered:
D:1:      lightli_arrival_maybe_door_vault, layout_rooms,
          hellmonk_ecumenical_altar_pennies_from_heaven
D:2:      layout_basic, serial_shops, shop, minmay_pentomino_q2, uniq_natasha,
          uniq_jessica
D:3:      layout_rooms, overflow_temple_1_default, uniq_ijyb
D:4:      kennysheep_big_flooded_room, layout_cave_pools, gammafunk_ghost_split,
          uniq_eustachio
D:5:      layout_basic, jmf_multi_god_temple, grunt_ministairs_15, st_stairs_3

Skill      XL: |  1  2  3  4  5  6  7 |
---------------+----------------------+-----
Dodging        | 1 2 3 |  3.0
Stealth        | 5 6 |  6.9
Fighting       | 2 3 |  3.7
Throwing       | 2 3 |  3.4
Short Blades   | 2 3 |  3.8

Action                   |  1- 3 |  4- 6 |  7- 9 || total
-------------------------+-------+-------+-------++-------
Melee: Dagger            |    71 |   161 |    39 ||   271
       Bite              |    10 |    43 |     8 ||    61
Throw: Dart              |    11 |     4 |       ||    15
  Use: Scroll            |       |     9 |       ||     9
       Potion            |       |     2 |       ||     2
 Stab: Sleeping          |     5 |     9 |     2 ||    16
       Distracted        |       |       |     1 ||     1
Armor: Robe              |    20 |    38 |     4 ||    62
Dodge: Dodged            |    60 |    91 |    15 ||   166

Table legend: (Time is in decaauts)
 A = Elapsed time spent in this place.
 B = Non-inter-level travel time spent in this place.
 C = Inter-level travel time spent in this place.
 D = Time resting spent in this place.
 E = Time spent auto-exploring this place.
 F = Levels seen in this place.
 G = Mean time per level.
                   A        B        C        D        E       F      G
               +--------+--------+--------+--------+--------+-----+--------+
         Total |   3617 |   3560 |     57 |    815 |   1929 |   5 |  723.4 |
       Dungeon |   3617 |   3560 |     57 |    815 |   1929 |   5 |  723.4 |
               +--------+--------+--------+--------+--------+-----+--------+

Top non-repeatable levels by time:
     D:3: 1103 daAuts
     D:2: 912 daAuts
     D:4: 699 daAuts
     D:1: 609 daAuts
     D:5: 292 daAuts
